 Dungeon Crawl Stone Soup version 0.21.1-1-g345015f (webtiles) character file.

111 TinyReaver the Stinger (level 4, 0/38 HPs)
             Began as a Naga Venom Mage on May 6, 2018.
             Was an Initiate of Sif Muna.
             Slain by a goblin
             ... wielding a +0 club
             ... led by Robin
              (3 damage)
             ... on level 3 of the Dungeon.
             The game lasted 00:10:44 (2579 turns).

TinyReaver the Stinger (Naga Venom Mage)            Turns: 2579, Time: 00:10:45

Health: 0/38       AC:  2    Str: 10    XL:     4   Next: 92%
Magic:  0/7        EV: 10    Int: 21    God:    Sif Muna [......]
Gold:   110        SH:  0    Dex: 12    Spells: 5/8 levels left

rFire    . . .     SeeInvis +   f - -1 club (curse)
rCold    . . .     Gourm    .   (no shield)
rNeg     . . .     Faith    .   a - +0 robe
rPois    +         Spirit   .   (no helmet)
rElec    .         Reflect  .   (no cloak)
rCorr    .         Harm     .   (no gloves)
MR       .....                  (no barding)
Stlth    ++........             (no amulet)
HPRegen  0.12/turn              (no ring)
MPRegen  0.10/turn              (no ring)

@: brilliant, very slow
A: large, see invisible, deformed body, poison resistance, slowness 2, slow
metabolism 1, spit poison 1, AC +1
a: Spit Poison, Renounce Religion


You were on level 3 of the Dungeon.
You worshipped Sif Muna.
Sif Muna was noncommittal.
You were not hungry.

You visited 1 branch of the dungeon, and saw 3 of its levels.

You collected 110 gold pieces.

Inventory:

Hand Weapons
 f - a cursed -1 club (weapon)
 k - a +0 short sword
Armour
 a - a +0 robe (worn)
Scrolls
 d - 2 scrolls of magic mapping
Potions
 g - a potion of brilliance
Books
 b - a Young Poisoner's Handbook

   Spells                             Type                      Level
   a - Sting                          Conjuration/Poison           1
   b - Poisonous Vapours              Poison/Air                   2
   c - Mephitic Cloud                 Conjuration/Poison/Air       3
   d - Olgreb's Toxic Radiance        Poison                       4
   e - Venom Bolt                     Conjuration/Poison           5
Comestibles
 c - 4 rations


   Skills:
 + Level 1.5 Fighting
 + Level 2.1 Dodging
 - Level 4.0 Stealth
 + Level 2.6 Spellcasting
 + Level 1.9 Conjurations
 + Level 4.7 Poison Magic


You had 5 spell levels left.
You knew the following spells:

 Your Spells              Type           Power        Failure   Level  Hunger
a - Sting                 Conj/Pois      ####         1%          1    None
b - Poisonous Vapours     Pois/Air       ####..       1%          2    ##.....


Dungeon Overview and Level Annotations

Branches:
Dungeon (3/15)

Altars:
Sif Muna

Annotations:
D:3 Robin


Innate Abilities, Weirdness & Mutations

You cannot wear boots.
Your serpentine skin is tough. (AC +1)
You have supernaturally acute eyesight. (SInv)
Armour fits poorly on your strangely shaped body.
Your system is resistant to poisons. (rPois)
You cover ground very slowly.
You have a slow metabolism.
You can spit poison.


Message History

The splash of poison misses the goblin.
You feel slightly more hungry.
Robin roars a battlecry!
The goblin goes into a battle-frenzy!
A goblin comes into view. It is wielding a club.
Casting: Sting
Confirm with . or Enter, or press ? or * to list all spells.
Aiming: Sting
Press: ? - help, Shift-Dir - straight line, f/p - goblin
Aim: a goblin (unusually strong)
The sting hits the goblin.
The goblin is poisoned.
You kill the goblin!
Sif Muna accepts your kill.
The goblin shouts!
You have got your breath back.
Robin roars a battlecry!
The goblins go into a battle-frenzy!
Robin throws the goblin at you!
* * * LOW HITPOINT WARNING * * *
You closely miss the goblin. The goblin hits you with a club.
You die...

### ########.#
##############........##########
#.....................†.((g((.).
##.#########.########.##########
#............g@g..g......#..
#..########.########.......# #
#.....#####.#### #.........# #
###......#......# #.#.......# #
#....#.#.#<#.##.###.#........ .
##.#.#.#.#.#.#......#.#.#+######
#.#.#.#.#.#.#..#####.#..... ..
#.#.#.#.#.#.#..#####.###.######
#.#...÷...#.#..##..............


You could see Robin, a hobgoblin and a goblin.

Vanquished Creatures
  6 adders (D:2)
  3 dart slugs
  2 leopard geckos
  8 bats
  A giant cockroach (D:2)
  8 hobgoblins
  2 ball pythons
  3 frilled lizards
  11 goblins
  2 kobolds
  5 rats
51 creatures vanquished.

Notes
Turn   | Place    | Note
-------+----------+-------------------------------------------
     0 | D:1      | TinyReaver the Naga Venom Mage began the quest for the Orb.
     0 | D:1      | Reached XP level 1. HP: 15/15 MP: 3/3
   511 | D:1      | Reached XP level 2. HP: 22/24 MP: 0/5
  1070 | D:1      | Learned a level 2 spell: Poisonous Vapours
  1104 | D:2      | Reached XP level 3. HP: 24/30 MP: 1/6
  1185 | D:2      | Reached skill level 1 in Fighting
  1322 | D:2      | Reached XP level 4. HP: 38/38 MP: 2/7
  2184 | D:2      | Found a deep blue altar of Sif Muna.
  2294 | D:2      | Became a worshipper of Sif Muna the Loreminder
  2524 | D:3      | Noticed Robin
  2579 | D:3      | Slain by a goblin

Skill      XL: |  1  2  3  4 |
---------------+-------------+-----
Fighting       | 1 |  1.5
Dodging        | 2 |  2.1
Stealth        | 4 |  4.0
Spellcasting   | |  2.6
Conjurations   | |  1.9
Poison Magic   | |  4.7

Action                   |  1- 3 |  4- 6 || total
-------------------------+-------+-------++-------
Melee: Club              |    21 |    12 ||    33
 Cast: Sting             |    54 |    56 ||   110
       Poisonous Vapours |       |     2 ||     2
 Abil: Spit Poison       |       |     1 ||     1
  Use: Scroll            |     2 |     3 ||     5
       Potion            |       |     2 ||     2
  Eat: Ration            |     1 |     1 ||     2
Armor: Robe              |    19 |     9 ||    28
Dodge: Dodged            |    23 |    30 ||    53
